 Dungeon Crawl Stone Soup version 0.28-a0-1184-g53156a8862 (webtiles) character file.

Game seed: 2169355017488685294

3902 browni3141 the Fighter (level 10, -5/83 HPs)
             Began as a Formicid Fighter on Dec 17, 2021.
             Was a Priest of Okawaru.
             Engulfed by a steam dragon's steam (9 damage)
             ... on level 9 of the Dungeon.
             The game lasted 00:15:10 (7733 turns).

browni3141 the Fighter (Formicid Fighter)           Turns: 7733, Time: 00:15:11

Health: -5/83      AC: 10    Str: 25    XL:     10   Next: 43%
Magic:  13/13      EV: 12    Int:  8    God:    Okawaru [***...]
Gold:   516        SH:  7    Dex: 10    Spells: 9/9 levels left

rFire   . . .      SeeInvis +   u - +0 great sword
rCold   . . .      Faith    .   x - +2 buckler
rNeg    . . .      Spirit   .   e - +0 swamp dragon scales
rPois   +          Reflect  .   (helmet unavailable)
rElec   .          Harm     .   (no cloak)
rCorr   .          Rampage  .   F - +0 pair of gloves
Will    +++..                   (no boots)
Stlth   ..........              C - amulet "Ilecuw" {Will++ Regen+}
HPRegen 1.03/turn               (no ring)
MPRegen 0.13/turn               (no ring)

@: no status effects
A: permanent stasis, dig shafts and tunnels, antennae 3, four strong arms
a: Dig, Shaft Self, Renounce Religion, Heroism


You were on level 9 of the Dungeon.
You worshipped Okawaru.
Okawaru was most pleased with you.
You visited 2 branches of the dungeon, and saw 10 of its levels.

You collected 516 gold pieces.

Inventory:

Hand Weapons
 a - a +0 hunting sling
 b - a +3 short sword of venom
 t - a +0 long sword
 u - a +0 great sword (weapon)
 I - a +0 scimitar
 M - a +0 flail
Missiles
 d - 48 bolts
 g - 377 stones
 G - 37 poisoned darts
Armour
 c - a +0 buckler
 e - +0 swamp dragon scales (worn)
 h - a +0 scale mail
 x - a +2 buckler (worn)
 F - a +0 pair of gloves (worn)
Jewellery
 C - the amulet "Ilecuw" (around neck) {Will++ Regen+}
   (You found it on level 5 of the Dungeon)

   [amulet of regeneration]

   Regen:     It increases your rate of health regeneration.
   Will:      It greatly increases your willpower.
 K - an amulet of faith
Wands
 A - a wand of polymorph (4)
Scrolls
 f - 2 scrolls of torment {unknown}
 i - 10 scrolls of identify {unknown}
 j - a scroll of magic mapping {unknown}
 k - 2 scrolls of enchant armour {unknown}
 l - a scroll of silence {unknown}
 m - 3 scrolls of acquirement {unknown}
 q - a scroll of fear {unknown}
 v - a scroll of immolation {unknown}
 w - 3 scrolls of noise {unknown}
 y - 3 scrolls of amnesia {unknown}
 D - a scroll of summoning {unknown}
 E - 2 scrolls of teleportation {unknown}
 L - a scroll of blinking {unknown}
Potions
 n - 2 potions of resistance {unknown}
 o - a potion of brilliance {unknown}
 p - 3 potions of haste
 r - a potion of invisibility {unknown}
 s - a potion of degeneration {unknown}
 z - 2 potions of attraction {unknown}
 B - 2 potions of magic {unknown}
 J - 2 potions of flight {unknown}


   Skills:
 * Level 9.6 Fighting
 - Level 7.3 Long Blades
 + Level 7.2 Armour
 + Level 5.0 Dodging
 - Level 5.0 Shields
 * Level 4.3 Invocations


You had 9 spell levels left.
You didn't know any spells.
Your spell library contained the following spells:

 Spells                   Type           Power      Damage    Failure   Level
 Sting                    Tmut/Pois      0%         1d3       54%         1
 Passwall                 Tmut/Erth      0%         N/A       67%         2
 Poisonous Vapours        Pois/Air       0%         N/A       67%         2
 Olgreb's Toxic Radiance  Pois           0%         N/A       99%         4
 Swiftness                Air            Unusable   N/A       N/A         3

Dungeon Overview and Level Annotations

Branches:
Dungeon (9/15)             Temple (1/1) D:5
   Lair: D:8-11         Orc: D:9-12

Altars:
Ashenzari
Cheibriados
Dithmenos
Elyvilon
Fedhas
Gozag
Hepliaklqana
Kikubaaqudgha
Makhleb
Nemelex Xobeh
Okawaru
Qazlal
Ru
Sif Muna
Trog
Uskayaw
Vehumet
Wu Jian
Xom
Yredelemnul
Zin
The Shining One

Shops:
D:1 :   D:5 (


Innate Abilities, Weirdness & Mutations

You cannot be hasted, slowed, berserked, paralysed or teleported.
You can dig through walls and to a lower floor.
You have a pair of large antennae on your head. (SInv)
Your four strong arms can wield two-handed weapons with a shield.


Message History

You barely miss the steam dragon.
The steam dragon is almost dead.
You are engulfed in a cloud of scalding steam.
The steam dragon barely misses you.
The steam dragon claws you but does no damage.
You barely miss the steam dragon.
The steam dragon is almost dead.
You are engulfed in a cloud of scalding steam.
The steam dragon bites you. You block the steam dragon's attack.
You closely miss the steam dragon.
The steam dragon is almost dead.
The steam dragon breathes steam at you. The ball of steam hits you!
You block the steam dragon's attack.
The steam dragon claws you but does no damage.
You closely miss the steam dragon.
The steam dragon is almost dead.
You are engulfed in a cloud of scalding steam.
A shadow comes into view.
The steam dragon bites you!
* * * LOW HITPOINT WARNING * * *
The steam dragon claws you.
* * * LOW HITPOINT WARNING * * *
You hit the steam dragon.
The steam dragon is almost dead.
The steam dragon bites you.
* * * LOW HITPOINT WARNING * * *
The steam dragon completely misses you.
Unknown command.
You feel better. You block the steam dragon's attack. x2
You completely miss the steam dragon.
The steam dragon is almost dead.
You block the steam dragon's attack. x2
The steam dragon breathes steam at you. The ball of steam hits you!
* * * LOW HITPOINT WARNING * * *
Unknown command.
You barely miss the steam dragon.
The steam dragon is almost dead.
You are engulfed in a cloud of scalding steam.
You die...

###.#.......#
#...#.......# #.#........#
#.#.###...# ####.#......##
.# ##....#.###..######..#
#..####.##..........##
###.### #.##.###.......#
#.....###.##ยงยง@DW#####.#
#.........##..##.(#
#............# ##.(..
#......>..... ..###
#<(........## #.#
#..........# .#
########...# .# ....# ..#


You could see a steam dragon (catching breath) and a shadow.

Vanquished Creatures
  A troll (D:9)
  Grinder (D:6)
  Sigmund (D:3)
  A shadow (D:8)
  2 water moccasins
  4 sky beasts
  2 ice beasts (D:8)
  2 orc warriors
  A black bear (D:4)
  2 ogres
  A necrophage (D:5)
  A centaur (D:5)
  3 kobold brigands
  Blork the orc (D:5)
  3 bullfrogs
  A scorpion (D:7)
  A water moccasin zombie (D:6)
  A water moccasin skeleton (D:7)
  10 wights
  3 howler monkeys (D:8)
  4 bullfrog zombies
  3 hounds
  2 orc priests
  A bullfrog skeleton (D:6)
  2 centaur skeletons
  Ijyb (D:4)
  An orc wizard (D:8)
  Robin (D:4)
  A howler monkey zombie (D:6)
  4 gnolls (D:3)
  5 adders
  2 white imps (D:6)
  2 ufetubi
  A worm (D:4)
  2 dart slugs (D:4)
  17 orcs
  7 ball pythons
  5 bats
  4 endoplasms
  3 giant cockroaches
  17 goblins
  11 hobgoblins
  9 jackals (D:1)
  A quokka (D:4)
  5 frilled lizards
  21 kobolds
  4 rats
178 creatures vanquished.

Vanquished Creatures (others)
  A plant (D:3)
  4 withered plants (D:3)
5 creatures vanquished.

Grand Total: 183 creatures vanquished

Notes
Turn   | Place    | Note
-------+----------+-------------------------------------------
     0 | D:1      | browni3141 the Formicid Fighter began the quest for the
                  | Orb.
     0 | D:1      | Reached XP level 1. HP: 18/18 MP: 1/1
   125 | D:1      | Reached XP level 2. HP: 24/24 MP: 2/2
   593 | D:1      | Reached XP level 3. HP: 29/29 MP: 3/3
   818 | D:1      | Found Mame's Book Emporium.
  1128 | D:2      | Reached XP level 4. HP: 33/35 MP: 4/4
  2537 | D:3      | Reached XP level 5. HP: 41/41 MP: 5/5
  2553 | D:3      | Found a faded altar of an unknown god.
  2673 | D:3      | Noticed Sigmund
  2684 | D:3      | Killed Sigmund
  2685 | D:3      | Reached XP level 6. HP: 47/47 MP: 6/6
  3064 | D:4      | Noticed Robin
  3106 | D:4      | Killed Robin
  3392 | D:4      | Noticed Ijyb
  3423 | D:4      | Killed Ijyb
  3424 | D:4      | Reached XP level 7. HP: 50/52 MP: 7/7
  4248 | D:5      | Entered Level 5 of the Dungeon
  4338 | D:5      | Found Gyddenya's Antique Weapon Shop.
  4465 | D:5      | Identified the amulet "Ilecuw" {Will++ Regen+}
  4532 | D:5      | Reached skill level 4 in Fighting
  4564 | D:5      | Reached skill level 1 in Dodging
  4564 | D:5      | Reached XP level 8. HP: 61/61 MP: 8/8
  4574 | D:5      | Found a staircase to the Ecumenical Temple.
  4588 | Temple   | Entered the Ecumenical Temple
  4750 | Temple   | Became a worshipper of Warmaster Okawaru
  5002 | D:5      | Reached skill level 5 in Fighting
  5025 | D:5      | Noticed Blork the orc
  5037 | D:5      | Killed Blork the orc
  5123 | D:6      | Reached * piety under Okawaru
  5124 | D:6      | Reached skill level 5 in Shields
  5171 | D:6      | Reached skill level 6 in Fighting
  5233 | D:6      | Reached skill level 5 in Armour
  5244 | D:6      | Reached XP level 9. HP: 49/70 MP: 9/9
  5773 | D:6      | Noticed Grinder
  5800 | D:6      | Killed Grinder
  5801 | D:6      | Reached skill level 7 in Fighting
  6283 | D:7      | Reached skill level 8 in Fighting
  6361 | D:7      | Reached ** piety under Okawaru
  6773 | D:8      | Reached skill level 1 in Invocations
  6775 | D:8      | Reached XP level 10. HP: 82/82 MP: 10/10
  6880 | D:8      | Reached skill level 9 in Fighting
  7010 | D:8      | Found a large runed translucent door.
  7011 | D:8      | Found a large runed translucent door.
  7616 | D:8      | Found a white marble altar of Elyvilon.
  7627 | D:8      | Found a sacrificial altar of Ru.
  7631 | D:8      | Reached *** piety under Okawaru
  7632 | D:8      | Reached skill level 5 in Dodging
  7732 | D:9      | HP: 4/83 [steam dragon/ball of steam (16)]
  7733 | D:9      | Engulfed by a steam dragon's steam

Illustrated notes

Levels and vault maps discovered:
D:1:      amcnicky_arrival_abandoned_market, layout_basic, serial_shops, shop
D:2:      layout_basic, chequers_mini_garden, amcnicky_mini_corridor_feature,
          minmay_unequal
D:3:      layout_loops_cross, shapermc_ecumenical_altar_flowoftime, uniq_sigmund
D:4:      layout_basic, uniq_robin, uniq_ijyb
D:5:      layout_basic, minmay_temple_entry_mini_moons, serial_shops,
          nicolae_stop_n_shop_1, uniq_blork_the_orc
D:6:      layout_basic, uniq_grinder
D:7:      layout_rooms
D:8:      layout_basic, jmf_multi_god_temple2, serial_corexii_hall,
          corexii_hall_statues_l, corexii_hall_statues_t
D:9:      layout_rooms, orc_0_dummy, doesnt_shop_hydraphobe
Temple:   regret_index_temple_chain_breaker

Skill      XL: |  1  2  3  4  5  6  7  8  9 10 |
---------------+-------------------------------+-----
Long Blades    | 3 4 6 7 |  7.3
Shields        | 4 5 |  5.0
Fighting       | 4 6 8 9 |  9.6
Armour         | 4 5 6 7 |  7.2
Dodging        | 1 2 4 5 |  5.0
Invocations    | 1 4 |  4.3

Action                   |  1- 3 |  4- 6 |  7- 9 | 10-12 || total
-------------------------+-------+-------+-------+-------++-------
Melee: Long sword        |    37 |     9 |       |       ||    46
       Short sword       |    56 |   146 |   271 |    22 ||   495
       Great sword       |       |       |    27 |    79 ||   106
 Fire: Hunting sling     |       |       |    80 |     8 ||    88
Invok: Heroism           |       |       |     2 |     3 ||     5
 Abil: Dig               |       |     7 |     4 |     5 ||    16
Evoke: Wand              |       |       |     1 |     1 ||     2
  Use: Potion            |       |     1 |       |     1 ||     2
 Stab: Paralysed         |       |       |     3 |     3 ||     6
Armor: Swamp dragon scal |    50 |    44 |   113 |    34 ||   241
Dodge: Dodged            |    64 |    46 |   141 |    53 ||   304
Block: Buckler           |    16 |    24 |    56 |    31 ||   127

Table legend: (Time is in decaauts)
 A = Elapsed time spent in this place.
 B = Non-inter-level travel time spent in this place.
 C = Inter-level travel time spent in this place.
 D = Time resting spent in this place.
 E = Time spent auto-exploring this place.
 F = Levels seen in this place.
 G = Mean time per level.
                   A        B        C        D        E       F      G
               +--------+--------+--------+--------+--------+-----+--------+
         Total |   7734 |   7434 |    300 |    263 |   5598 |  10 |  773.4 |
       Dungeon |   7556 |   7303 |    253 |    263 |   5487 |   9 |  839.6 |
        Temple |    177 |    130 |     47 |      0 |    111 |   1 |  177.0 |
               +--------+--------+--------+--------+--------+-----+--------+

Top non-repeatable levels by time:
     D:4: 1323 daAuts
     D:1: 1100 daAuts
     D:2: 1061 daAuts
     D:6: 1037 daAuts
     D:8: 911 daAuts
     D:3: 768 daAuts
     D:5: 640 daAuts
     D:7: 638 daAuts
  Temple: 177 daAuts
     D:9: 74 daAuts
